Map: Odyssey LE

Players

Yata - Winner!

  • Race: Zerg Zerg
  • League: Platinum
  • Spawn Location: 11:00

MadAppleDoc

  • Race: Terran Terran
  • League: Platinum
  • Spawn Location: 5:00

VOD

Have the link to the VOD?

Description

Time

  • Played on: Sept. 27, 2017, 3:19 p.m.
  • Length: 13:49
Show
View Real Time Build Order
Export as new Build Order

Yata Zerg - Winner!

Build Orders: Hatch First 

Get SALT Encoding   

  12  0:01  Drone  
  13  0:13  Overlord  
  13  0:19  Drone  
  14  0:31  Drone x2  
  16  0:36  Drone  
  17  0:56  Hatchery, Drone  
  17  1:00  Drone  
  18  1:10  Extractor  
  17  1:16  Spawning Pool  
  17  1:18  Drone  
  17  1:22  Drone  
  18  1:28  Drone  
  19  1:40  Overlord  
  19  2:01  Drone x2  
  20  2:03  Queen  
  20  2:07  Queen  
  25  2:12  Zergling x4  
  25  2:14  Metabolic Boost  
  27  2:20  Drone  
  28  2:27  Drone  
  29  2:30  Overlord  
  29  2:37  Baneling Nest  
  29  2:38  Drone  
  29  2:39  Evolution Chamber  
  29  2:40  Drone  
  29  2:47  Drone  
  30  2:56  Drone  
  30  2:57  Drone  
  32  3:09  Drone x2  
  34  3:17  Drone x7  
  41  3:25  Zergling x2  
  42  3:29  Zerg Melee Weapons Level 1  
  42  3:38  Zergling x4  
  44  4:07  Overlord x4  
  44  4:19  Baneling x2  
  44  4:24  Lair  
  44  4:25  Hatchery, Queen  
  44  4:26  Drone x3  
  44  4:27  Extractor  
  44  4:30  Zergling x12  
  48  5:03  Zergling x2  
  48  5:04  Zergling x14  
  53  5:30  Zerg Ground Armor Level 1  
  53  5:37  Hydralisk Den  
  53  5:38  Drone x8  
  53  5:40  Queen  
  62  5:46  Pneumatized Carapace  
  62  5:48  Zergling x2  
  62  5:49  Zergling x10  
  68  5:59  Drone x3  
  71  6:05  Drone  
  71  6:07  Zergling x4  
  72  6:22  Hydralisk  
  72  6:23  Hydralisk x3  
  75  6:42  Zergling x16  
  81  6:58  Baneling Nest  
  78  7:06  Hydralisk  
  78  7:07  Hydralisk x2  
  80  7:10  Overlord  
  80  7:11  Overlord x3  
  80  7:20  Overlord x2  
  80  7:21  Overlord  
  80  7:39  Hydralisk  
  80  7:40  Hydralisk x3  
  88  7:55  Hydralisk x2  
  92  8:04  Extractor, Drone x3  
  94  8:16  Zergling x24  
  93  9:11  Zergling x2  
  93  9:12  Zergling x28  
  108  9:19  Drone x2  
  108  9:20  Drone x2  
  112  9:26  Overlord x2  
  112  9:30  Zerg Missile Weapons Level 1  
  112  9:32  Hatchery  
  112  9:35  Queen  
  113  9:41  Overlord x2  
  113  9:42  Overlord x2  
  113  9:43  Queen x2  
  117  9:52  Infestation Pit  
  112  9:55  Hatchery  
  112  9:58  Baneling x4  
  112  9:59  Baneling x6  
  111  10:00  Baneling  
  111  10:01  Hydralisk  
  111  10:02  Hydralisk x6  
  125  10:11  Drone x3  
  125  10:12  Extractor  
  118  10:52  Drone x12  
  118  10:53  Drone x3  
  118  10:54  Drone  
  134  11:02  Hydralisk  
  134  11:03  Hydralisk x4  
  144  11:12  Queen x2, Evolution Chamber  
  144  11:13  Queen  
  149  11:35  Muscular Augments  
  149  11:37  Zergling x2  
  149  11:38  Zergling x36  
  168  11:48  Queen  
  170  11:54  Hive  
  170  11:59  Queen  
  172  12:03  Overlord  
  172  12:04  Overlord x5  
  172  12:11  Queen  
  166  12:21  Hydralisk  
  166  12:22  Hydralisk x13  
  165  12:26  Zergling x2  
  165  12:27  Zergling x10  
  189  12:32  Queen  
  191  12:45  Zergling x16  
  199  12:55  Hatchery  
  198  13:13  Zergling x2  
  196  13:24  Zergling x12  
  196  13:25  Zergling x38  
  196  13:26  Zergling x4  
Show
View Real Time Build Order
Export as new Build Order

MadAppleDoc Terran 

Build Orders:  

Get SALT Encoding   

  12  0:01  SCV  
  14  0:14  SCV  
  14  0:25  Supply Depot  
  14  0:26  SCV  
  15  0:31  Refinery  
  15  0:46  SCV  
  15  0:48  Barracks  
  16  0:59  SCV  
  16  1:04  Supply Depot  
  17  1:06  Refinery  
  17  1:11  SCV  
  18  1:23  SCV  
  19  1:35  Orbital Command  
  19  1:43  Barracks Reactor  
  19  1:48  Factory  
  20  2:01  SCV  
  20  2:13  SCV  
  20  2:14  Supply Depot  
  21  2:19  Marine  
  21  2:20  Marine  
  23  2:25  SCV  
  24  2:32  Factory Reactor  
  24  2:33  Starport  
  24  2:37  Marine x2  
  24  2:43  Supply Depot  
  26  2:46  SCV  
  27  2:55  Marine x2  
  29  3:08  Supply Depot  
  29  3:10  Cyclone  
  32  3:15  Cyclone  
  35  3:22  Medivac  
  35  3:23  Marine  
  35  3:26  Marine  
  39  3:37  Supply Depot  
  39  3:41  Marine  
  39  3:44  Marine  
  41  3:59  Marine  
  41  4:02  Marine  
  43  4:06  Cyclone x2  
  43  4:09  Starport Reactor  
  49  4:16  Marine  
  50  4:20  Marine  
  51  4:30  Barracks  
  51  4:34  Marine  
  51  4:37  Marine  
  53  4:52  Marine  
  51  4:55  Marine  
  50  5:10  Marine  
  50  5:13  Marine  
  43  5:14  Medivac x2  
  43  5:17  Cyclone x2  
  43  5:18  Barracks Tech Lab  
  53  5:24  Bunker  
  53  5:28  Marine  
  54  5:31  Marine  
  55  5:37  Combat Shields  
  55  5:41  Marine  
  56  5:45  Marine  
  56  5:49  Marine  
  58  5:59  Marine  
  58  6:03  Marine  
  60  6:06  Marine  
  60  6:08  Viking  
  63  6:14  Supply Depot  
  63  6:35  Viking, Marine x3  
  54  7:02  Marine  
  54  7:03  Marine x2  
  54  7:05  Stimpack  
  54  7:07  Supply Depot  
  45  7:12  Cyclone x2  
  51  7:20  Marine  
  52  7:24  Marine  
  52  7:25  Marine  
  54  7:33  Command Center  
  54  7:41  Marine  
  54  7:42  Marine  
  56  7:48  Marine  
  57  7:58  Cyclone  
  57  7:59  Marine, Cyclone  
  60  8:17  Marine x3  
  41  8:49  Marine x3  
  44  8:56  Cyclone x2  
  50  9:04  Engineering Bay  
  50  9:07  Marine  
  50  9:08  Engineering Bay  
  51  9:16  Marine x2  
  53  9:23  Bunker  
  53  9:24  SCV  
  53  9:25  SCV, Marine  
  56  9:36  Marine x2  
  56  9:37  SCV  
  59  9:42  Marine  
  60  10:05  Bunker  
  60  10:14  Marine x2, Marauder  
  60  10:16  Cyclone  
  67  10:48  Marine x2  
  63  10:52  Marine, Bunker  
  64  11:03  Refinery  
  64  11:06  Terran Infantry Weapons Level 1, Marine  
  64  11:08  Terran Infantry Armor Level 1  
  65  11:13  Marine  
  65  11:14  Marine  
  67  11:24  Marine  
  67  11:25  Bunker  
  68  11:31  Marine  
  69  11:41  Marauder  
  69  11:42  Marine  
  72  11:49  Marine  
  72  11:52  Barracks  
  72  11:53  Medivac x2  
  77  11:57  Factory Tech Lab  
  77  11:59  Marine  
  78  12:03  Marauder  
  79  12:24  Marauder  
  79  12:28  Marine x2  
  83  12:32  Siege Tank  
  86  12:41  Missile Turret  
  86  12:46  Marine, Marauder  
  86  12:50  Marine  
  90  13:03  Barracks Reactor  
  90  13:04  Marine  
  91  13:06  Missile Turret  
  91  13:07  Marauder  
  91  13:08  Marine  
  94  13:22  Marine  
  94  13:25  Marine  
Tags
 
Matchup
TvZ
Replay Pack
Pack 1
Spawn Locations
Cross Positions
Add a new tag
Caveats
  • Supply blocks, unpowered buildings, or Contaminate may cause inaccurate times.
  • Supply counts are checked every 10 seconds.